 Dungeon Crawl Stone Soup version 0.32-a0-996-gb3226c233f (webtiles) character file.

Game seed: 15692521304095063809

16270 Thargor the Thaumaturge (level 12, -10/59 HPs)
             Began as a Deep Elf Conjurer on Apr 23, 2024.
             Was a Believer of Vehumet.
             Killed from afar by a fire dragon (24 damage)
             ... with a blast of flame
             ... in a volcano.
             The game lasted 00:53:25 (15368 turns).

Thargor the Thaumaturge (Deep Elf Conjurer)        Turns: 15368, Time: 00:53:26

Health: -10/59     AC: 12    Str:  4    XL:     12   Next: 8%
Magic:  6/30       EV: 31    Int: 29    God:    Vehumet [**....]
Gold:   326        SH:  0    Dex: 13    Spells: 16/35 levels left

rFire   . . .        v - +7 dagger of Mylor {drain, rElec}
rCold   . . .        (no shield)
rNeg    . . .        a - +0 robe
rPois   +            c - +2 helmet
rElec   +            (no cloak)
rCorr   .            b - +2 pair of gloves
SInv    .            (no boots)
Will    +....        p - amulet of the acrobat
Stlth   +++++        C - +4 ring of protection
HPRegen 0.29/turn    y - ring of poison resistance
MPRegen 0.22/turn

%: acrobat
@: about to teleport, acrobatic
A: no striking features
a: Renounce Religion


You were in a volcano.
You worshipped Vehumet.
Vehumet was pleased with you.
You visited 3 branches of the dungeon, and saw 13 of its levels.
You also visited: Sewer and Volcano.

You collected 680 gold pieces.
You spent 354 gold pieces at shops.

Inventory:

Hand Weapons
 v - the +7 dagger of Mylor (weapon) {drain, rElec}
   (You found it on level 7 of the Dungeon)

   rElec:     It insulates you from electricity.
 D - a +3 demon whip of venom
Armour
 a - a +0 robe (worn)
 b - a +2 pair of gloves (worn)
 c - a +2 helmet (worn)
Jewellery
 j - a +6 ring of strength
 p - an amulet of the acrobat (around neck)
 y - a ring of poison resistance (right hand)
 C - a +4 ring of protection (left hand)
 G - an amulet of regeneration
Wands
 B - a wand of digging (7)
 H - a wand of acid (5)
 J - a wand of flame (9)
Scrolls
 f - 3 scrolls of amnesia
 g - 2 scrolls of teleportation
 h - 4 scrolls of fog
 n - 4 scrolls of fear
 o - a scroll of torment
 t - a scroll of enchant armour
 u - 2 scrolls of blinking
 w - a scroll of immolation
 z - a scroll of brand weapon
Potions
 d - a potion of curing
 e - 3 potions of degeneration {unknown}
 i - 2 potions of might {unknown}
 k - a potion of mutation {unknown}
 l - a potion of attraction {unknown}
 m - 4 potions of invisibility {unknown}
 q - 2 potions of haste {unknown}
 s - a potion of resistance {unknown}
 x - a potion of lignification {unknown}
 A - a potion of enlightenment {unknown}
 E - a potion of berserk rage {unknown}
 F - a potion of brilliance {unknown}
 I - a potion of cancellation {unknown}


   Skills:
 + Level 11.4 Dodging
 + Level 12.3 Stealth
 + Level 12.4 Spellcasting
 + Level 11.2 Conjurations
 - Level 5.0 Translocations
 * Level 2.2 Fire Magic
 - Level 5.0 Alchemy


You had 16 spell levels left.
You knew the following spells:

 Your Spells              Type           Power      Damage    Failure   Level
a - Magic Dart            Conj           100%       1d8       1%          1
b - Searing Ray           Conj           100%       2d8       1%          2
c - Fulminant Prism       Conj/Alch      30%        3d15      1%          4
d - Iskenderun's Mystic   Conj/Tloc      60%        2d13      (+2d71%     4
e - Blink                 Tloc           94%        N/A       1%          2
f - Starburst             Conj/Fire      27%        6d9       28%         6

Your spell library contained the following spells:

 Spells                   Type           Power      Damage    Failure   Level
 Sting                    Conj/Alch      100%       1d9       1%          1
 Foxfire                  Conj/Fire      100%       2x1d9     1%          1
 Static Discharge         Conj/Air       100%       3-8/arc   1%          2
 Cigotuvi's Dreadful Rot  Necr/Alch/Air  54%        N/A       2%          2
 Slow                     Hex            72%        N/A       3%          1
 Call Imp                 Summ           36%        N/A       4%          2
 Sublimation of Blood     Necr           18%        N/A       4%          2
 Confusing Touch          Hex            18%        N/A       9%          3
 Fugue of the Fallen      Necr           18%        N/A       9%          3
 Ozocubu's Armour         Ice            18%        N/A       9%          3
 Vampiric Draining        Necr           18%        2d7       9%          3
 Airstrike                Air            9%         2d(2-18)  28%         4
 Dispel Undead            Necr           18%        3d11      28%         4
 Martyr's Knell           Necr/Summ      18%        N/A       28%         4
 Summon Lightning Spire   Summ/Air       18%        N/A       28%         4
 Curse of Agony           Necr           18%        N/A       63%         5
 Plasma Beam              Fire/Air       12%        2x1d23    96%         6
 Manifold Assault         Tloc           23%        N/A       97%         7
 Rimeblight               Ice/Necr       9%         2d4       (prima100%   7


Dungeon Overview and Level Annotations

Branches:
Dungeon (10/15)            Temple (1/1) D:6            Lair (2/5) D:10
 Shoals (0/4) Lair:2        Sewer (visited)         Volcano (1/1)
  Snake: Lair:2-3    Spider: Lair:2-3       Orc: D:9-12

Altars:
Ashenzari
Cheibriados
Dithmenos
Elyvilon
Fedhas
Gozag
Hepliaklqana
Kikubaaqudgha
Makhleb
Nemelex Xobeh
Okawaru
Qazlal
Ru
Sif Muna
Trog
Uskayaw
Vehumet
Wu Jian
Xom
Yredelemnul
Zin
The Shining One

Shops:
D:2 ?

Portals:
Trove: D:10 (give +6 demon whip)

Annotations:
D:4 3 runed translucent doors, Gandelf's ghost, amateur SpCj
D:5 2 runed translucent doors, flt's ghost, weakling OnDe


Message History

The komodo dragon is knocked back by the mystic blast.
Casting: Iskenderun's Mystic Blast (dangerous; 1% risk of failure)
Confirm with . or Enter, or press ? or * to list all spells.
You erupt in a blast of force!
The mystic blast hits the fire dragon.
The fire dragon is moderately wounded.
The fire dragon is knocked back by the mystic blast.
Casting: Iskenderun's Mystic Blast (dangerous; 1% risk of failure)
Confirm with . or Enter, or press ? or * to list all spells.
You erupt in a blast of force!
The mystic blast hits the komodo dragon!
The komodo dragon is almost dead.
The komodo dragon is knocked back by the mystic blast.
The mystic blast hits the fire dragon!
The fire dragon is heavily wounded.
The fire dragon is knocked back by the mystic blast.
Casting: Iskenderun's Mystic Blast (dangerous; 1% risk of failure)
Confirm with . or Enter, or press ? or * to list all spells.
You erupt in a blast of force!
The mystic blast hits the fire dragon.
The fire dragon is heavily wounded.
Casting: Iskenderun's Mystic Blast (dangerous; 1% risk of failure)
Confirm with . or Enter, or press ? or * to list all spells.
You erupt in a blast of force!
The mystic blast hits the komodo dragon!
You kill the komodo dragon!
Vehumet accepts your kill.
The mystic blast hits the fire dragon!
The fire dragon is severely wounded.
The fire dragon bites you!
* * * LOW HITPOINT WARNING * * *
The fire dragon barely misses you. The fire dragon closely misses you.
Blink to where?
Press: ? - help, Dir - move target
As you read the scroll of blinking, it crumbles to dust.
The fire dragon breathes flames at you. The blast of flame misses you.
As you read the scroll of teleportation, it crumbles to dust.
You feel strangely unstable. The fire dragon breathes flames at you.
The blast of flame hits you!!
You die...

§§[.[.....D.♣≈≈≈≈≈...♣♣§§≈≈.....≈
§§§♣.$.P.).♣♣≈°≈≈≈.♣..♣≈≈§≈♣...♣≈
§≈≈.$÷♣...♣♣§≈§○≈≈...♣♣≈§≈≈≈....≈
#§≈.♣)!...♣≈§≈§§§♣...♣≈≈≈≈§≈.♣♣..
#≈≈§.....♣♣≈≈≈§≈.D..♣♣≈○≈≈≈§♣)...
##≈§§♣♣♣♣♣≈≈≈§§§...♣♣≈≈○§≈≈≈♣....
#≈§≈ ≈≈≈≈≈≈≈.P..≈≈§§≈§≈≈♣♣....
##§≈ ≈≈≈§≈≈♣...§§≈§≈.♣♣♣♣.....
#≈≈ ≈§≈≈≈≈..@♣§≈≈♣.....♣..♣.. #§≈
§§≈§§§P...§≈.....♣.♣♣.... ##≈
○§≈§≈§.............♣♣♣... #§
≈§≈§≈§♣..♣.♣..)♣♣...♣♣..♣
°§≈§≈≈...♣♣♣...♣♣♣..♣♣♣..
≈≈≈°§≈≈.§....♣.[♣♣...♣♣..
≈§§○≈≈≈≈P.......♣♣.......
≈≈§≈§≈≈§≈♣.§....♣♣.♣...♣♣
#≈≈§§§≈≈§≈≈....♣♣.....♣♣


You could see a fire dragon (catching breath).

Vanquished Creatures
  4 two-headed ogres (Volcano)
  3 salamanders (Volcano)
  An elephant (D:10)
  2 black mambas (Lair:1)
  A cane toad (Lair:1)
  A rime drake (Lair:1)
  6 komodo dragons
  A polar bear (Lair:1)
  A troll (D:9)
  A hornet (D:9)
  Prince Ribbit (D:7)
  A wraith (D:10)
  11 yaks
  A basilisk (D:10)
  8 wyverns
  4 fire bats (Volcano)
  3 vampire mosquitoes (D:7)
  Menkaure (D:4)
  Edmund (D:4)
  3 steam dragons
  Duvessa (D:4)
  7 water moccasins
  A black bear (D:10)
  An ice beast (D:6)
  2 sky beasts (D:8)
  2 orc warriors
  A centaur (D:10)
  8 ogres
  2 brain worms (Sewer)
  6 bullfrogs
  3 kobold brigands
  A gnoll sergeant (D:8)
  2 scorpions (D:5)
  A burial acolyte (D:7)
  9 wights
  Dowan (D:4)
  2 howler monkeys
  4 hounds
  5 orc priests
  3 iguanas
  6 orc wizards
  2 hound zombies (D:7)
  Robin (D:2)
  14 gnolls
  10 adders
  2 river rats (Sewer)
  6 shadow imps
  An adder zombie (D:7)
  A ribbon worm (D:2)
  3 dart slugs
  28 orcs
  3 bats (D:2)
  10 endoplasms
  2 giant cockroaches
  11 goblins
  5 hobgoblins
  7 jackals (D:2)
  20 kobolds
  3 quokkas
  9 ball pythons
  8 frilled lizards
  3 gnoll zombies (D:7)
  A kobold zombie (D:7)
  14 rats
  2 fulminant prisms
289 creatures vanquished.

Vanquished Creatures (others)
  A steam dragon (Volcano)
  71 fulminant prisms
72 creatures vanquished.

Grand Total: 361 creatures vanquished

Notes
Turn   | Place    | Note
-------+----------+-------------------------------------------
     0 | D:1      | Thargor the Deep Elf Conjurer began the quest for the Orb.
     0 | D:1      | Reached XP level 1. HP: 10/10 MP: 6/6
   224 | D:1      | Reached XP level 2. HP: 15/15 MP: 6/8
   227 | D:1      | Learned a level 2 spell: Searing Ray
  1044 | D:2      | Reached XP level 3. HP: 19/19 MP: 5/10
  1376 | D:2      | Found a faded altar of an unknown god.
  1572 | D:2      | Reached XP level 4. HP: 24/24 MP: 4/11
  1601 | D:2      | Learned a level 4 spell: Fulminant Prism
  1606 | D:2      | Learned a level 4 spell: Iskenderun's Mystic Blast
  1753 | D:2      | Found Leur Heze's Magic Scroll Shop.
  1829 | D:2      | Noticed Robin
  1834 | D:2      | Killed Robin
  1956 | D:2      | Reached skill level 5 in Conjurations
  2233 | D:2      | Reached skill level 1 in Translocations
  2706 | D:3      | Reached XP level 5. HP: 28/28 MP: 11/13
  2779 | D:3      | Reached skill level 1 in Alchemy
  3397 | D:3      | Reached XP level 6. HP: 32/32 MP: 7/14
  3869 | D:4      | Noticed Dowan
  3880 | D:5      | Entered Level 5 of the Dungeon
  3900 | D:4      | Reached XP level 7. HP: 26/36 MP: 0/16
  4152 | D:5      | Reached skill level 5 in Spellcasting
  4507 | D:5      | Found a runed translucent door.
  4508 | D:5      | Noticed flt's ghost (weakling OnDe)
  4546 | D:5      | Found a runed translucent door.
  4647 | D:5      | Reached skill level 5 in Stealth
  4916 | D:6      | Found a glowing golden altar of the Shining One.
  4916 | D:6      | Found a hide-covered altar of Uskayaw.
  4922 | D:6      | Found a shimmering altar of Xom.
  4925 | D:6      | Found a glowing silver altar of Zin.
  4930 | D:6      | Found a faded altar of an unknown god.
  5033 | D:6      | Found a glowing drain.
  5043 | Sewer    | Entered a sewer
  5394 | Sewer    | Reached XP level 8. HP: 41/41 MP: 12/18
  5551 | Sewer    | Reached skill level 5 in Dodging
  5963 | D:4      | Noticed Edmund
  6060 | D:2      | Bought a scroll of fear for 48 gold pieces
  6060 | D:2      | Bought a scroll of enchant armour for 90 gold pieces
  6060 | D:2      | Bought a scroll of enchant armour for 90 gold pieces
  6060 | D:2      | Bought a scroll of teleportation for 36 gold pieces
  6253 | D:6      | Found a staircase to the Ecumenical Temple.
  6263 | Temple   | Entered the Ecumenical Temple
  6420 | D:6      | Reached skill level 5 in Translocations
  6420 | D:6      | Reached skill level 5 in Alchemy
  7165 | D:7      | Reached XP level 9. HP: 45/45 MP: 13/21
  7314 | D:7      | Identified the +7 dagger of Mylor {drain, rElec}
  7731 | D:7      | Noticed Prince Ribbit
  7737 | D:7      | Killed Prince Ribbit
  7853 | D:4      | Found a runed translucent gate.
  7853 | D:4      | Found a runed translucent gate.
  7856 | D:4      | Found a runed translucent gate.
  7860 | D:4      | Noticed Gandelf's ghost (amateur SpCj)
  7869 | D:4      | Noticed Menkaure
  7874 | D:4      | Killed Menkaure
  8120 | D:4      | Noticed Duvessa
  8121 | D:4      | Killed Dowan
  8128 | D:4      | Killed Duvessa
  8398 | D:4      | Killed Edmund
  9074 | D:7      | Found an ancient bone altar of Kikubaaqudgha.
  9586 | D:8      | Noticed a two-headed ogre
  9805 | D:8      | Found a radiant altar of Vehumet.
  9810 | D:8      | Became a worshipper of Vehumet
  9863 | D:8      | Found a broken altar of Ashenzari.
  9986 | D:8      | Reached XP level 10. HP: 50/50 MP: 15/24
 11136 | D:9      | Reached * piety under Vehumet
 11136 | D:9      | Offered knowledge of Foxfire by Vehumet.
 11440 | D:10     | Entered Level 10 of the Dungeon
 11440 | D:10     | Found a stormy altar of Qazlal.
 11440 | D:10     | Found an iron altar of Okawaru.
 11440 | D:10     | Found a hazy altar of Hepliaklqana.
 11442 | D:10     | Found a sparkling altar of Nemelex Xobeh.
 11477 | D:10     | Reached skill level 10 in Spellcasting
 11597 | D:10     | Noticed an elephant
 11599 | D:10     | Reached skill level 10 in Stealth
 11610 | D:10     | Noticed a death yak
 11804 | D:10     | Learned a level 2 spell: Blink
 11906 | D:10     | Killed an elephant
 12133 | D:10     | Found a portal to a secret trove of treasure.
 12354 | D:2      | Bought a scroll of enchant weapon for 90 gold pieces
 12656 | D:10     | Found a staircase to the Lair.
 12671 | Lair:1   | Entered Level 1 of the Lair of Beasts
 12853 | Lair:1   | Reached XP level 11. HP: 54/54 MP: 16/27
 13372 | Lair:1   | Reached skill level 10 in Dodging
 13372 | Lair:1   | Reached skill level 10 in Conjurations
 13557 | Lair:1   | Reached ** piety under Vehumet
 13557 | Lair:1   | Offered knowledge of Sting by Vehumet.
 14359 | Lair:2   | Found a dark tunnel.
 14364 | Volcano  | Entered a volcano
 14371 | Volcano  | Noticed a two-headed ogre
 14387 | Volcano  | Killed a two-headed ogre
 14528 | Volcano  | Noticed a two-headed ogre
 14533 | Volcano  | Noticed a two-headed ogre
 14553 | Volcano  | Killed a two-headed ogre
 14568 | Volcano  | Killed a two-headed ogre
 14918 | Volcano  | Learned a level 6 spell: Starburst
 15156 | Volcano  | Noticed a two-headed ogre
 15165 | Volcano  | Killed a two-headed ogre
 15166 | Volcano  | Reached skill level 1 in Fire Magic
 15166 | Volcano  | Reached XP level 12. HP: 41/59 MP: 20/30
 15313 | Volcano  | Noticed a fire dragon
 15368 | Volcano  | Killed from afar by a fire dragon

Illustrated notes

Levels and vault maps discovered:
D:1:      dpeg_arrival_court, layout_basic
D:2:      layout_basic, hellmonk_ecumenical_altar_slurped_away, serial_shops,
          nicolae_shop_just_a_little_nook, st_stairs_11, uniq_robin
D:3:      layout_loops_ring
D:4:      layout_loops_ring, gammafunk_ghost_split, uniq_edmund, uniq_duvessa,
          uniq_menkaure
D:5:      layout_cave_pools, ebering_ghost_sewer_f
D:6:      layout_basic, chequers_temple_overflow_minitemple,
          minmay_temple_entry_butterflies, cheibrodos_sewer_entry_drain,
          corexii_item_surrounded_by_moat
D:7:      layout_basic, regret_index_kikubaaqudgha_part_by_part,
          minmay_misc_feat_secret_circle, minmay_misc_feat_room,
          uniq_prince_ribbit1
D:8:      layout_loops_ring, mainiacjoe_overflow_24_doors, ashenzari_altar_1
D:9:      layout_big_octagon, serial_park, serial_park_square1
          [serial_park_minivault_5x5_3], serial_park_avenue1,
          serial_park_tiny_2, serial_park_tiny_2, kennysheep_generic_room_7
D:10:     layout_layer_cave, grunt_temple_overflow_open, david_lair_generic,
          nicolae_trove_entry_columns
Temple:   chequers_temple_sunken
Lair:1:   layout_cave_pods
Lair:2:   layout_hall_layers, minmay_shoals_entry_beasts, enter_volcano_4,
          lemuel_fruit_fields, uniq_nergalle
Volcano:  pf_volcano_lost_world

Skill      XL: |  1  2  3  4  5  6  7  8  9 10 11 12 |
---------------+-------------------------------------+-----
Stealth        | 3 4 5 6 8 10 12 | 12.3
Dodging        | 3 4 6 8 9 11 | 11.4
Spellcasting   | 4 5 6 8 10 12 | 12.4
Conjurations   | 5 6 8 9 11 | 11.2
Translocations | 1 2 3 4 5 |  5.0
Alchemy        | 1 2 4 5 |  5.0
Fire Magic     | 1 2 |  2.2

Action                     |  1- 3 |  4- 6 |  7- 9 | 10-12 || total
---------------------------+-------+-------+-------+-------++-------
  Melee: Dagger            |       |       |     7 |    10 ||    17
   Cast: Magic Dart        |    51 |    90 |   140 |    82 ||   363
         Searing Ray       |    10 |    19 |    56 |    65 ||   150
         Fulminant Prism   |       |       |    25 |    48 ||    73
         Iskenderun's Myst |       |       |     6 |    44 ||    50
  Evoke: Wand              |       |       |       |     2 ||     2
    Use: Scroll            |       |     5 |     9 |     8 ||    22
         Potion            |       |     1 |     1 |       ||     2
   Stab: Distracted        |       |       |       |     1 ||     1
 Armour: Robe              |     6 |    12 |    30 |    37 ||    85
  Dodge: Dodged            |     5 |    13 |    45 |    83 ||   146

Table legend: (Time is in decaauts)
 A = Elapsed time spent in this place.
 B = Non-inter-level travel time spent in this place.
 C = Inter-level travel time spent in this place.
 D = Time resting spent in this place.
 E = Time spent auto-exploring this place.
 F = Levels seen in this place.
 G = Mean time per level.
                   A        B        C        D        E       F      G
               +--------+--------+--------+--------+--------+-----+--------+
         Total |  15421 |  14360 |   1061 |   1657 |  10155 |  15 | 1028.1 |
       Dungeon |  12082 |  11049 |   1033 |   1154 |   8003 |  10 | 1208.2 |
        Temple |     26 |     26 |      0 |      0 |      0 |   1 |   26.0 |
          Lair |   1692 |   1664 |     28 |    162 |   1276 |   2 |  846.0 |
         Sewer |    616 |    616 |      0 |     88 |    367 |   1 |  616.0 |
       Volcano |   1003 |   1003 |      0 |    253 |    509 |   1 | 1003.0 |
               +--------+--------+--------+--------+--------+-----+--------+

Top non-repeatable levels by time:
  Lair:1: 1659 daAuts
     D:2: 1644 daAuts
     D:6: 1428 daAuts
     D:8: 1405 daAuts
     D:7: 1385 daAuts
     D:4: 1298 daAuts
     D:3: 1184 daAuts
     D:1: 1097 daAuts
 Volcano: 1003 daAuts
     D:5: 921 daAuts
     D:9: 906 daAuts
    D:10: 810 daAuts
   Sewer: 616 daAuts
  Lair:2: 32 daAuts
  Temple: 26 daAuts
